 Dungeon Crawl Stone Soup version 0.18-b1-2-gd0c887e (webtiles) character file.

23 dontpanic the Magician (level 2, 0/17 HPs)
             Began as an Octopode Wizard on Apr 28, 2016.
             Slain by a bat (1 damage)
             ... on level 2 of the Dungeon.
             The game lasted 00:12:55 (935 turns).

dontpanic the Magician (Octopode Wizard)             Turns: 935, Time: 00:12:55

Health: 0/17       AC:  1    Str:  5 (6)  XL:     2   Next: 95%
Magic:  4/6        EV: 12    Int: 17 (20) God:
Gold:   109        SH:  0    Dex:  7 (10) Spells: 1 memorised, 6 levels left

rFire  . . .     SeeInvis .     (no weapon)
rCold  . . .     Gourm    .     (no shield)
rNeg   . . .     Faith    .     a - +0 hat
rPois  .         Spirit   .     (no amulet)
rElec  .         Dismiss  .     (no ring)
rCorr  .         Reflect  .     (no ring)
SustAt .         Harm     .     (no ring)
MR     .....                    (no ring)
Stlth  +++.......               (no ring)
                                (no ring)
                                (no ring)
                                (no ring)

@: very slightly contaminated, not resistant to hostile enchantments, fairly
stealthy
A: almost no armour, amphibious, 8 rings, constrict 8, camouflage 1, gelatinous
body 1
a: no special abilities


You were on level 2 of the Dungeon.
You were not hungry.

You visited 1 branch of the dungeon, and saw 2 of its levels.

You collected 109 gold pieces.

Inventory:

Hand Weapons
 e - a +1 hunting sling of freezing
Missiles
 i - 33 stones (quivered)
Armour
 a - a +0 hat (worn)
Jewellery
 q - an uncursed ring of flight
Scrolls
 h - 2 scrolls of identify
Potions
 m - 2 potions of agility
Books
 b - a book of Minor Magic

   Spells                             Type                      Level
   a - Magic Dart                     Conjuration                  1
   b - Blink                          Translocation                2
   c - Call Imp                       Summoning                    2
   d - Repel Missiles                 Charms/Air                   2
   e - Slow                           Hexes                        2
   f - Conjure Flame                  Conjuration/Fire             3
   g - Mephitic Cloud                 Conjuration/Poison/Air       3
Comestibles
 c - 3 bread rations
 f - a meat ration
 g - a beef jerky


   Skills:
 + Level 2.4 Dodging
 + Level 3.0 Stealth
 + Level 3.4 Spellcasting
 + Level 1.1 Conjurations
   Level 1.0 Summonings
   Level 1.0 Translocations


You had 6 spell levels left.
You knew the following spells:

 Your Spells              Type           Power        Failure   Level  Hunger
a - Magic Dart            Conj           #...         14%         1    None


Dungeon Overview and Level Annotations

Branches:
Dungeon (2/15)

Altars:


Innate Abilities, Weirdness & Mutations

You cannot wear most types of armour.
You are amphibious.
You can wear up to eight rings at the same time.
You can use your tentacles to constrict eight enemies at once.
Your skin changes colour to match your surroundings (Stealth).
Your rubbery body absorbs attacks (AC +1).


Message History

The quokka bites you but does no damage.
Casting: Magic Dart
Confirm with . or Enter, or press ? or * to list all spells.
Aiming: Magic Dart
Press: ? - help, Shift-Dir - straight line, f/p - quokka
Aim: a quokka (severely wounded)
You miscast Magic Dart.
You are very lightly contaminated with residual magic.
Nothing appears to happen.
The bat barely misses you. The quokka bites you.
* * * LOW HITPOINT WARNING * * *
The bat barely misses you. The bat hits you.
* * * LOW HITPOINT WARNING * * *
The bat hits you.
* * * LOW HITPOINT WARNING * * *
The quokka bites you but does no damage.
Found 8 gold pieces.
Found a faded altar to an unknown god.
An adder comes into view.
The bat closely misses you. The bat hits you but does no damage.
The bat hits you.
You die...

*,...........#**#..# #....
**###..#.#.#.#*...## ##.###
##.#...#.#..######..#
#...##....###.....##
*#..##..###.).########
#..#..####.##...#....
#####.#.......*#<.......
***#......)..###**#...#####
*,,.$.....@b.######...###..
*,,.8.....r................
*,,8.8.......######...#####
**,8._.8...............# ***
*,,,8.8.........########**,,
*,,,.8....%...........,,,,,*
*,,,............######******
*,,,S...........#
*,,,....$.......#


You could see an adder (sleeping), a quokka and a bat.

Vanquished Creatures
  A worm (D:2)
  A dart slug (D:1)
  A giant gecko (D:1)
  2 bats
  A giant cockroach (D:2)
  A goblin (D:1)
  2 hobgoblins (D:1)
  A kobold (D:1)
  2 giant newts
  5 rats
17 creatures vanquished.

Notes
Turn   | Place    | Note
--------------------------------------------------------------
     0 | D:1      | dontpanic the Octopode Wizard began the quest for the Orb.
     0 | D:1      | Reached XP level 1. HP: 11/11 MP: 4/4
   222 | D:1      | Reached XP level 2. HP: 14/17 MP: 4/6
   933 | D:2      | Found a faded altar to an unknown god.
   935 | D:2      | Slain by a bat

Skill      XL: |  1  2 |
---------------+-------+-----
Stealth        | 3 |  3.0
Dodging        | |  2.4
Spellcasting   | |  3.4
Conjurations   | |  1.1
Summonings     | |  1.0
Translocations | |  1.0

Action                   || total
-------------------------++-------
Melee: Unarmed           ||    18
       Tentacles         ||     4
       Constrict         ||     3
 Cast: Magic Dart        ||    37
  Use: Potion            ||     5
       Scroll            ||     4
Armor: Skin              ||     5
Dodge: Dodged            ||    18
